AoeStats
← 旺旺

Black Forest

510780826Analyzed
3v3 RM · 17h ago on Oct 2, 2026· 45m 57s· 6 players
Game mode
Random Map
Map size
Normal (6 player)
Population
200
Speed
Normal
Resources
Standard
Victory
Conquest
Starting age
Dark Age
Ending age
Imperial Age
RankedLock teamsTeams togetherTeam positionsShared explorationLock speedFull tech treeHidden civsTurbo modeCheats
Victory
Defeat
🇭🇰 Persians · Hong Kong SAR China
878
+13
🇨🇳 Persians · China
846
+14
🇨🇳 Franks · China
845
+14
🇨🇳 Byzantines · China
823
-14
🇨🇿 Lithuanians · Czechia
812
-37
🇨🇳 Goths · China
786
-13
Párečkuss Maximus
8:28 Loom
11:03 Feudal Age
11:44 Horse Collar
11:51 Double-Bit Axe
13:37 Wheelbarrow
20:35 Castle Age
24:47 Bloodlines
24:43 Husbandry
24:52 Scale Barding Armor
26:35 Gold Mining
26:50 Heavy Plow
27:04 Bow Saw
32:44 Imperial Age
32:11 Chain Barding Armor
31:52 Padded Archer Armor
33:26 Cavalier
36:19 Crop Rotation
38:02 Hand Cart
38:32 Paladin
41:35 Crossbowman
42:21 Thumb Ring
42:22 Padded Archer Armor
42:12 Fletching
42:58 Plate Barding Armor
Letty
11:25 Feudal Age
15:32 Wheelbarrow
19:02 Castle Age
17:09 Double-Bit Axe
17:06 Horse Collar
18:05 Stone Mining
25:19 Gold Mining
30:13 Forging
32:39 Imperial Age
30:54 Hand Cart
30:53 Squires
31:58 Bow Saw
31:51 Heavy Plow
31:40 Town Watch
32:20 Anarchy
32:11 Loom
32:50 Pikeman
33:35 Perfusion
33:57 Conscription
34:53 Chemistry
34:58 Halberdier
37:07 Two-Man Saw
37:02 Crop Rotation
Henrik
0:28 Loom
12:45 Feudal Age
13:06 Horse Collar
13:49 Double-Bit Axe
20:10 Castle Age
旺旺
10:38 Feudal Age
11:22 Double-Bit Axe
18:34 Castle Age
16:47 Stone Mining
16:40 Horse Collar
18:19 Gold Mining
19:02 Heavy Plow
19:27 Bow Saw
27:14 Imperial Age
26:57 Wheelbarrow
28:01 Crop Rotation
28:11 Hand Cart
32:51 Scale Barding Armor
32:58 Forging
32:48 Scale Mail Armor
34:12 Gold Shaft Mining
34:07 Chain Barding Armor
34:17 Elite War Elephant
35:22 Conscription
35:46 Chain Mail Armor
36:07 Iron Casting
37:22 Plate Barding Armor
37:20 Arson
37:35 Squires
36:56 Pikeman
38:59 Two-Man Saw
38:38 Plate Mail Armor
40:01 Blast Furnace
38:58 Halberdier
42:37 Husbandry
42:48 Bloodlines
彬彬有礼
0:32 Loom
15:14 Feudal Age
19:16 Castle Age
17:08 Double-Bit Axe
18:27 Wheelbarrow
29:07 Bow Saw
33:52 Imperial Age
31:43 Hand Cart
32:20 Forging
32:15 Scale Barding Armor
32:03 Gold Mining
32:04 Stone Mining
33:23 Husbandry
34:01 Iron Casting
34:42 Gold Shaft Mining
34:45 Chain Barding Armor
34:26 Scale Mail Armor
34:32 Cavalier
36:59 Chemistry
35:40 Treadmill Crane
36:11 Masonry
37:03 Caravan
38:02 Paladin
39:43 Conscription
39:23 Elite Throwing Axeman
40:03 Pikeman
40:44 Squires
40:29 Gambesons
40:30 Arson
41:02 Halberdier
42:10 Chain Mail Armor
42:56 Blast Furnace
42:39 Plate Barding Armor
45:14 Ballistics
45:24 Architecture
44:52 Murder Holes
45:02 Siege Engineers
Ming
0:26 Loom
10:07 Feudal Age
17:50 Castle Age
15:40 Horse Collar
16:49 Stone Mining
16:51 Gold Mining
16:56 Double-Bit Axe
28:32 Imperial Age
26:13 Heavy Plow
27:41 Wheelbarrow
27:45 Bow Saw
30:18 Hand Cart
31:44 Two-Man Saw
31:33 Gold Shaft Mining
31:39 Stone Shaft Mining
33:35 Scale Barding Armor
33:40 Forging
33:21 Fletching
34:15 Elite War Elephant
35:33 Conscription
35:54 Chain Barding Armor
36:09 Iron Casting
36:04 Bloodlines
35:54 Husbandry
39:54 Plate Barding Armor
40:20 Blast Furnace
39:15 Bodkin Arrow
39:21 Padded Archer Armor
40:18 Kamandaran
40:29 Citadels
41:00 Crossbowman
41:45 Thumb Ring
Connection lost

Rejoining the realm…

Still unreachable

The connection could not be restored.

Session expired

The server has moved on; the page needs a fresh start.